 Dungeon Crawl Stone Soup version 0.29.1-2-gbd0b4ee654 (webtiles) character file.

Game seed: 748211609121291887

3640 zeram the Unseen (level 10, -2/59 (60) HPs)
             Began as an Octopode Brigand on Nov 21, 2022.
             Was an Initiate of Dithmenos.
             Slain by an orc warrior
             ... wielding a +0 war axe
              (16 damage)
             ... in a bailey.
             The game lasted 00:21:55 (10863 turns).

zeram the Unseen (Octopode Brigand)                Turns: 10863, Time: 00:21:56

HP:   -2/59 (60)    AC:  1    Str: 16    XL:     10   Next: 12%
MP:   10/10         EV: 14    Int: 27    God:    Dithmenos [......]
Gold: 287           SH:  5    Dex:  9    Spells: 7/9 levels left

rFire   . . .      SeeInvis .   a - +3 dagger (vorpal)
rCold   . . .      Faith    .   (no shield)
rNeg    . . .      Spirit   .   (helmet restricted)
rPois   .          Reflect  +   y - amulet of reflection
rElec   +          Harm     .   p - ring "Wibrex" {+Blink rElec rCorr Str+6 Int+8 Dex-4}
rCorr   +          Rampage  .   s - ring of willpower
Will    +....                   (no ring)
Stlth   +++++++...              (no ring)
HPRegen 0.19/turn               (no ring)
MPRegen 0.12/turn               (no ring)
                                (no ring)
                                (no ring)

@: lightly drained
A: almost no armour, amphibious, 8 rings, camouflage 1, gelatinous body 1,
(nimble swimmer 1), tentacles
a: Renounce Religion, Evoke Blink


You were in a bailey.
You worshipped Dithmenos.
Dithmenos was noncommittal.
You visited 2 branches of the dungeon, and saw 9 of its levels.
You also visited: Bailey.

You collected 467 gold pieces.
You spent 180 gold pieces at shops.

Inventory:

Hand Weapons
 a - a +3 vorpal dagger (weapon)
Missiles
 b - 29 poisoned darts (quivered)
 c - 3 curare-tipped darts
 q - 2 throwing nets
Jewellery
 p - the ring "Wibrex" (left tentacle) {+Blink rElec rCorr Str+6 Int+8 Dex-4}
   (You acquired it on level 3 of the Dungeon)

   [ring of strength]

   Str:       It affects your strength (+6).
   Int:       It affects your intelligence (+8).
   Dex:       It affects your dexterity (-4).
   rElec:     It insulates you from electricity.
   +Blink:    It lets you blink.
   rCorr:     It protects you from acid and corrosion.
 s - a ring of willpower (right tentacle)
 v - a ring of ice
 y - an amulet of reflection (around mantle)
Wands
 d - a wand of polymorph (18)
 j - a wand of iceblast (4)
Scrolls
 k - a scroll of enchant armour
 m - 2 scrolls of vulnerability
 o - 3 scrolls of fog
 t - a scroll of identify
 w - a scroll of fear
Potions
 f - a potion of curing
 g - a potion of resistance
 h - 2 potions of brilliance
 i - 3 potions of might
 l - 2 potions of attraction
 n - a potion of magic
 u - a potion of degeneration
 A - a potion of mutation
 B - a potion of berserk rage


   Skills:
 - Level 2.0 Fighting
 + Level 7.7 Short Blades
 - Level 2.0 Throwing
 + Level 5.5 Dodging
 + Level 15.3 Stealth
 + Level 0.5 Shields
 + Level 2.5 Evocations


You had 7 spell levels left.
You knew the following spells:

 Your Spells              Type           Power      Damage    Failure   Level
a - Call Imp              Summ           0%         N/A       19%         2

Your spell library contained the following spells:

 Spells                   Type           Power      Damage    Failure   Level
 Magic Dart               Conj           0%         1d3       12%         1
 Gell's Gravitas          Tloc           0%         N/A       34%         3
 Mephitic Cloud           Conj/Pois/Air  0%         N/A       34%         3
 Teleport Other           Tloc           0%         N/A       34%         3
 Alistair's Intoxication  Tmut/Pois      0%         N/A       97%         5
 Borgnjor's Vile Clutch   Necr/Erth      0%         N/A       97%         5
 Dispersal                Tloc           0%         N/A       100%        6
 Eringya's Noxious Bog    Tmut/Pois      0%         N/A       100%        6


Dungeon Overview and Level Annotations

Branches:
Dungeon (8/15)             Temple (1/1) D:6          Bailey (1/1)
   Lair: D:8-11

Altars:
Cheibriados
Dithmenos
Elyvilon
Fedhas
Hepliaklqana
Kikubaaqudgha
Makhleb
Nemelex Xobeh
Okawaru
Ru
Sif Muna
Trog
Uskayaw
Vehumet
Wu Jian
Xom
Yredelemnul
Zin
The Shining One

Shops:
D:4 ?

Annotations:
D:6 exclusion: statue


Innate Abilities, Weirdness & Mutations

You cannot wear most types of armour.
You are amphibious.
You can wear up to eight rings at the same time.
Your skin changes colour to match your surroundings (Stealth+).
Your rubbery body absorbs attacks. (AC +1, EV +1)
((You are camouflaged when in or above water. (Stealth+)))
You have tentacles for arms and can constrict up to eight enemies at once.


Message History

You kill the electric eel!
Dithmenos accepts your kill.
You start resting.
HP restored.
Things that are here:
a +0 war axe; a +0 leather armour
Things that are here:
a +0 war axe; a +0 leather armour
Things that are here:
a +0 war axe; a +0 ring mail
Things that are here:
a +0 hand axe; a +0 leather armour You closely miss the orc warrior.
The orc warrior shouts!
Your grab misses the orc warrior. Your squeeze misses the orc warrior.
You hear a shout! x2
The orc warrior drinks a potion.
The orc warrior flickers and vanishes!
Deactivating autopickup; reactivate with Ctrl-A.
You hear a shout!
You hit something but do no damage. You closely miss something.
Something hits you!
You hit something but do no damage. You squeeze something.
Something barely misses you.
You hit something but do no damage. You closely miss something.
Something completely misses you.
You hit something but do no damage. You barely miss something.
Your squeeze misses something. Something hits you.
You miss something. You block something's attack.
You hit something but do no damage. You miss something.
Your squeeze misses something. Something hits you.
You closely miss something. You squeeze something.
You hit something but do no damage. Your squeeze misses something.
Something hits you!
You miss something. Something hits you.
You hit something but do no damage. Your squeeze misses something.
You hit something but do no damage. Something hits you. Something hits you!
* * * LOW HITPOINT WARNING * * *
Something hits you!
You die...

#≈≈≈≈≈#.. #≈≈≈≈≈#.##### ..###
#≈≈≈≈≈~.#[['. # ....#
#≈≈≈≈≈~.#[[ .# ...#
#≈≈≈≈≈~.#. ..#####''#
#≈≈≈≈≈~.######### ...##.....#
#≈≈≈≈≈~.#..8.8..#....##.....'
#≈≈≈≈≈~∩....@..o'._..##..⌠.))
#≈≈≈≈≈~)#..8.8..#....##.....'
#≈≈≈≈≈~)######### ...##....)#
#≈≈≈≈≈~.#..# ..#####''#
#≈≈≈≈≈~.#..# .#......#
#≈≈≈≈≈))#..'g# #......#
#≈≈≈≈≈#.##############...####
#≈≈≈≈≈#....#)....'.8.8.8.#...
#≈≈≈≈≈#))..')....#.......#..)


You could see an orc knight.

Vanquished Creatures
  Pikel (D:5)
  Maggie (D:7)
  Prince Ribbit (D:5)
  A water moccasin (D:7)
  A sky beast (D:6)
  4 orc warriors (Bailey)
  2 black bears
  A centaur (D:7)
  2 phantoms (D:5)
  A kobold brigand (D:7)
  4 lemures
  Blork the orc (D:4)
  A bullfrog (D:7)
  A gnoll sergeant (D:4)
  2 necrophages
  3 scorpions
  3 electric eels (Bailey)
  A howler monkey (D:6)
  6 hounds
  5 orc priests
  A jelly (D:6)
  A gnoll bouda (D:7)
  4 iguanas
  Terence (D:2)
  5 orc wizards
  14 gnolls
  9 adders
  2 shadow imps
  A white imp (D:7)
  An ufetubus (D:5)
  4 dart slugs
  34 orcs
  5 endoplasms
  20 goblins
  8 hobgoblins
  12 jackals
  2 quokkas
  9 ball pythons
  7 bats
  2 frilled lizards
  2 goblin skeletons
  2 goblin zombies
  3 hobgoblin zombies (D:7)
  A jackal zombie (D:6)
  11 kobolds
  3 orc skeletons (D:7)
  2 orc zombies (D:7)
  A rat (D:1)
209 creatures vanquished.

Vanquished Creatures (others)
  2 butterflies (D:6)
2 creatures vanquished.

Grand Total: 211 creatures vanquished

Notes
Turn   | Place    | Note
-------+----------+-------------------------------------------
     0 | D:1      | zeram the Octopode Brigand began the quest for the Orb.
     0 | D:1      | Reached XP level 1. HP: 14/14 MP: 1/1
   356 | D:1      | Reached XP level 2. HP: 19/19 MP: 2/2
   537 | D:1      | Reached skill level 6 in Stealth
   884 | D:1      | Reached XP level 3. HP: 24/24 MP: 3/3
   921 | D:1      | Found a faded altar of an unknown god.
  1113 | D:2      | Noticed Terence
  1127 | D:2      | Killed Terence
  1128 | D:2      | Reached skill level 7 in Stealth
  1442 | D:2      | Reached XP level 4. HP: 29/29 MP: 4/4
  2138 | D:3      | Found a bloodstained altar of Trog.
  2141 | D:3      | Found a burning altar of Makhleb.
  2255 | D:3      | Found a blossoming altar of Fedhas.
  2354 | D:3      | Reached XP level 5. HP: 34/34 MP: 5/5
  2431 | D:3      | Reached skill level 8 in Stealth
  2771 | D:3      | Identified a scroll of acquirement
  2771 | D:3      | Acquired the ring "Wibrex" {+Blink rElec rCorr Str+6 Int+8
                  | Dex-4}
  2942 | D:3      | Reached skill level 9 in Stealth
  2942 | D:3      | Reached XP level 6. HP: 23/39 MP: 6/6
  3441 | D:4      | Found Voabesob's Magic Scroll Emporium.
  3683 | D:5      | Entered Level 5 of the Dungeon
  3687 | D:5      | Reached skill level 10 in Stealth
  3782 | D:5      | Reached XP level 7. HP: 30/45 MP: 7/7
  4098 | D:4      | Noticed Blork the orc
  4419 | D:4      | Killed Blork the orc
  4624 | D:4      | Bought a scroll of teleportation for 36 gold pieces
  4624 | D:4      | Bought a scroll of identify for 24 gold pieces
  4624 | D:4      | Bought a scroll of identify for 24 gold pieces
  4624 | D:4      | Bought 3 scrolls of identify for 72 gold pieces
  4624 | D:4      | Bought a scroll of identify for 24 gold pieces
  5023 | D:5      | Reached skill level 11 in Stealth
  5065 | D:5      | Noticed Prince Ribbit
  5068 | D:5      | Killed Prince Ribbit
  5069 | D:5      | Reached XP level 8. HP: 50/50 MP: 8/8
  5737 | D:5      | Reached skill level 5 in Short Blades
  5737 | D:5      | Reached skill level 12 in Stealth
  5770 | D:5      | Learned a level 2 spell: Call Imp
  5828 | D:6      | Noticed Pikel
  6137 | D:6      | Reached skill level 1 in Evocations
  6187 | D:6      | Identified the +8 quarterstaff "Tilinigh" {drain, rF+ Will-
                  | Int+4}
  6270 | D:6      | Found a staircase to the Ecumenical Temple.
  6301 | Temple   | Entered the Ecumenical Temple
  6514 | D:5      | Killed Pikel
  6515 | D:5      | Reached skill level 13 in Stealth
  6515 | D:5      | Reached XP level 9. HP: 18/54 MP: 9/9
  7034 | D:6      | Found a runed translucent door.
  7038 | D:6      | Found a basalt altar of Yredelemnul.
  7124 | D:6      | Found a radiant altar of Vehumet.
  7622 | D:7      | Found a glowing golden altar of the Shining One.
  7885 | D:7      | Noticed Maggie
  8125 | D:7      | Reached skill level 5 in Dodging
  8184 | D:7      | Reached skill level 14 in Stealth
  8317 | D:7      | Killed Maggie
  9009 | Temple   | Became a worshipper of Dithmenos the Shadowed
  9471 | D:8      | Found a flagged portal.
  9487 | Bailey   | Entered a bailey
  9860 | Bailey   | Noticed a kobold demonologist
  9866 | Bailey   | Reached XP level 10. HP: 60/60 MP: 10/10
  9870 | Bailey   | Reached skill level 15 in Stealth
 10079 | Bailey   | Found an iron altar of Okawaru.
 10081 | Bailey   | Noticed an orc sorcerer
 10160 | Bailey   | Noticed an orc knight
 10178 | Bailey   | Noticed an orc knight
 10181 | Bailey   | Reached * piety under Dithmenos
 10863 | Bailey   | Slain by an orc warrior

Illustrated notes

Levels and vault maps discovered:
D:1:      psy_arrival_heroes, layout_basic, shapermc_ecumenical_altar_petra
D:2:      layout_loops_ring, serial_glass, glass_columns_a, glass_columns_b,
          minmay_strange_pillars, uniq_terence
D:3:      layout_basic, jmf_multi_god_temple, lemuel_crystal_altar
D:4:      layout_rooms, serial_shops, nicolae_inconvenience_store,
          uniq_blork_the_orc
D:5:      layout_loops_ring, uniq_prince_ribbit1
D:6:      layout_rooms, vehumet_statue, dk_yredelemnul_ordeal,
          minmay_temple_entry_butterflies, uniq_pikel
D:7:      layout_loops_corners, nicolae_tso_besieged_by_evil,
          hangedman_decor_diamond_cutter, nicolae_fountain_basement, uniq_maggie
D:8:      layout_loops_cross, mainiacjoe_overflow_concentric_impassable,
          enter_bailey_5
Temple:   nicolae_temple_bog_church
Bailey:   bailey_axe_of_yendor_kennysheep, bailey

Skill      XL: |  1  2  3  4  5  6  7  8  9 10 |
---------------+-------------------------------+-----
Stealth        | 6 7 9 10 11 13 14 15 | 15.3
Short Blades   | 3 4 6 7 |  7.7
Dodging        | 2 3 4 5 |  5.5
Evocations     | 1 2 |  2.5
Fighting       | |  2.0
Throwing       | |  2.0
Shields        | |  0.5

Action                   |  1- 3 |  4- 6 |  7- 9 | 10-12 || total
-------------------------+-------+-------+-------+-------++-------
Melee: Dagger            |    39 |   103 |   323 |    52 ||   517
       Constrict         |     8 |    16 |    68 |     8 ||   100
       Tentacles         |     4 |    18 |    76 |     8 ||   106
       Unarmed           |     5 |       |       |       ||     5
       Punch             |       |       |     6 |       ||     6
 Abil: Evoke Blink       |       |       |     2 |       ||     2
Evoke: Wand              |       |       |     7 |     5 ||    12
  Use: Scroll            |     6 |    11 |    13 |       ||    30
       Potion            |       |     1 |     7 |       ||     8
 Stab: Sleeping          |    14 |    25 |    30 |     4 ||    73
       Confused          |     1 |       |       |       ||     1
       Distracted        |       |       |     1 |       ||     1
Armor: Skin              |     2 |     2 |    11 |       ||    15
Dodge: Dodged            |    18 |    58 |   167 |    19 ||   262
Block: Other             |       |       |    14 |     6 ||    20
